 Dungeon Crawl Stone Soup version 0.30-a0-269-gf0224bf7b6 (webtiles) character file.

Game seed: 7373691699989366184

417900 Lobster4 the Fetichist (level 23, -11/188 HPs)
             Began as a Gnoll Wanderer on Oct 13, 2022.
             Was the Champion of the Shining One.
             Killed from afar by a storm dragon (25 damage)
             ... with a bolt of lightning
             ... on level 4 of the Depths on Oct 14, 2022.
             The game lasted 05:18:22 (65720 turns).

Lobster4 the Fetichist (Gnoll Wanderer)            Turns: 65720, Time: 05:18:23

Health: -11/188    AC: 33    Str: 28    XL:     23   Next: 64%
Magic:  43/43      EV: 22    Int: 19    God:    the Shining One [******]
Gold:   3185       SH: 22    Dex: 15    Spells: 34/54 levels left

rFire   + . .      SeeInvis +    S - +4 morningstar of Zyojuiss {freeze, rC+ Str+2 Int+3 Dex+4}
rCold   + . .      Faith    .    E - +3 kite shield
rNeg    + + +      Spirit   .    y - +4 scale mail of Grace {Fly rF+ SInv}
rPois   +          Reflect  +    J - +2 helmet {Int+3}
rElec   .          Harm     .    K - +2 cloak {rPois}
rCorr   +          Rampage  +    t - +2 pair of gloves of Gravitas {rCorr Int+4 Slay+2}
Will    +....                    k - +2 pair of boots {rampage}
Stlth   ++........               s - amulet of reflection
HPRegen 1.31/turn                T - +4 ring of protection
MPRegen 0.28/turn                r - +4 ring of evasion

@: about to teleport, flying, glowing
A: fangs 1, strong nose, distributed training, hooves 1, regeneration 1, wild
magic 1
}: 2/15 runes: barnacled, gossamer
a: Renounce Religion, Divine Shield, Cleansing Flame, Summon Divine Warrior,
Brand Weapon With Holy Wrath


You were on level 4 of the Depths.
You worshipped the Shining One.
The Shining One was exalted by your worship.
You visited 7 branches of the dungeon, and saw 38 of its levels.
You visited the Abyss 1 time.
You visited 1 bazaar.
You also visited: Ice Cave.

You collected 9481 gold pieces.
You spent 6296 gold pieces at shops.

Inventory:

Hand Weapons
 a - the +5 falchion of Pamenin {vorpal, rElec}
   (You bought it in a shop on level 2 of the Orcish Mines)

   It inflicts extra damage upon your enemies.
   rElec:     It insulates you from electricity.
 b - a +2 sling of freezing
 p - a +4 scimitar of flaming
 u - the +2 war axe "Itak" {holy, *Noise rF+ Int+6}
   (You bought it in a shop on level 7 of the Dungeon)

   It has been blessed by the Shining One to cause great damage to the undead
   and demons.
   Int:       It affects your intelligence (+6).
   rF:        It protects you from fire.
   *Noise:    It may make noises in combat.
 v - the +12 falchion of the Hills {freeze, *Rage Str+6}
   (You found it on level 2 of the Spider Nest)

   It freezes those it strikes, dealing additional cold damage.
   It can also slow down cold-blooded creatures.
   Str:       It affects your strength (+6).
   *Rage:     It berserks you when you make melee attacks (+20% chance).
 P - a +0 broad axe of freezing
 S - the +4 morningstar of Zyojuiss (weapon) {freeze, rC+ Str+2 Int+3 Dex+4}
   (You bought it in a shop on level 1 of the Depths)

   It freezes those it strikes, dealing additional cold damage.
   It can also slow down cold-blooded creatures.
   Str:       It affects your strength (+2).
   Int:       It affects your intelligence (+3).
   Dex:       It affects your dexterity (+4).
   rC:        It protects you from cold.
Missiles
 e - 13 javelins (quivered)
 n - 15 silver javelins
 R - 9 poisoned darts
Armour
 k - a +2 pair of boots of rampaging (worn)
 t - the +2 pair of gloves of Gravitas (worn) {rCorr Int+4 Slay+2}
   (You bought it in a shop on level 9 of the Dungeon)

   Int:       It affects your intelligence (+4).
   Slay:      It affects your accuracy & damage with ranged weapons and melee
   (+2).
   rCorr:     It protects you from acid and corrosion.
 y - the +4 scale mail of Grace (worn) {Fly rF+ SInv}
   (You bought it in a shop on level 2 of the Orcish Mines)

   rF:        It protects you from fire.
   SInv:      It lets you see invisible.
   Fly:       It grants you flight.
 E - a +3 kite shield (worn)
 J - a +2 helmet of intelligence (worn)
 K - a +2 cloak of poison resistance (worn)
 O - the +5 chain mail of Past Mistakes {rElec rC+ Str+2 Dex+4}
   (You bought it in a shop on level 2 of the Depths)

   Str:       It affects your strength (+2).
   Dex:       It affects your dexterity (+4).
   rC:        It protects you from cold.
   rElec:     It insulates you from electricity.
Jewellery
 q - a ring of flight
 r - a +4 ring of evasion (right hand)
 s - an amulet of reflection (around neck)
 D - a ring of protection from cold
 F - a ring of fire
 I - the amulet "Hugyloem" {Spirit rF- rC+ Will+}
   (You found it on level 5 of the Dungeon)

   [amulet of guardian spirit]

   It causes incoming damage to be divided between your reserves of health and
   magic.
   rF:        It makes you vulnerable to fire.
   rC:        It protects you from cold.
   Will:      It increases your willpower.
 T - a +4 ring of protection (left hand)
Wands
 d - a wand of mindburst (11)
 z - a wand of acid (4)
 M - a wand of roots (22)
 Q - a wand of digging (7)
 U - a wand of paralysis (9)
 Z - a wand of flame (73)
Scrolls
 g - 2 scrolls of magic mapping
 h - 6 scrolls of teleportation
 l - 10 scrolls of immolation
 m - 5 scrolls of butterflies
 o - a scroll of summoning
 A - 2 scrolls of silence
 N - 3 scrolls of poison
 W - 3 scrolls of fear
 Y - 5 scrolls of enchant weapon
Potions
 c - 12 potions of curing
 f - a potion of heal wounds
 i - 4 potions of might
 j - 2 potions of haste
 w - 3 potions of lignification
 x - 3 potions of resistance
 B - 2 potions of cancellation
 C - a potion of berserk rage
 H - 4 potions of magic
 L - 8 potions of ambrosia
Miscellaneous
 G - a tin of tremorstones (2/2)
 V - a lightning rod (4/4)
 X - a phantom mirror


   Skills:
 + Level 17.5 Fighting
 + Level 16.3 Short Blades
 + Level 16.3 Long Blades
 + Level 16.3 Axes
 + Level 16.3 Maces & Flails
 + Level 16.3 Polearms
 + Level 16.3 Staves
 + Level 16.3 Ranged Weapons
 + Level 16.5 Throwing
 + Level 16.3 Armour
 + Level 16.3 Dodging
 + Level 16.3 Stealth
 + Level 16.3 Shields
 + Level 16.5 Unarmed Combat
 + Level 16.3 Spellcasting
 + Level 13.9 Conjurations
 + Level 13.9 Hexes
 + Level 13.9 Summonings
 + Level 13.9 Necromancy
 + Level 13.9 Translocations
 + Level 13.9 Transmutations
 + Level 13.9 Fire Magic
 + Level 13.9 Ice Magic
 + Level 13.9 Air Magic
 + Level 13.9 Earth Magic
 + Level 13.9 Poison Magic
 + Level 17.7 Invocations
 + Level 19.0 Evocations


You had 34 spell levels left.
You knew the following spells:

 Your Spells              Type           Power      Damage    Failure   Level
a - Sandblast             Erth           100%       2d20      1%          1
b - Stone Arrow           Conj/Erth      100%       3d13      1%          3
c - Searing Ray           Conj           100%       2d8       1%          2
d - Freeze                Ice            100%       1d10      1%          1
e - Vhi's Electric Charg  Tloc/Air       100%       N/A       1%          3
f - Passwall              Tmut/Erth      60%        N/A       1%          2
g - Frozen Ramparts       Ice            100%       1d16      1%          3
h - Arcjolt               Conj/Air       36%        1d46      2%          5

Your spell library contained the following spells:

 Spells                   Type           Power      Damage    Failure   Level
 Kiss of Death            Conj/Necr      100%       2d13      1%          1
 Magic Dart               Conj           100%       1d8       1%          1
 Slow                     Hex            100%       N/A       1%          1
 Summon Small Mammal      Summ           100%       N/A       1%          1
 Ensorcelled Hibernation  Hex/Ice        100%       N/A       1%          2
 Static Discharge         Conj/Air       100%       2-7/arc   1%          2
 Call Canine Familiar     Summ           73%        N/A       1%          3
 Confusing Touch          Hex            73%        N/A       1%          3
 Hailstorm                Conj/Ice       73%        3d15      1%          3
 Lesser Beckoning         Tloc           100%       N/A       1%          3
 Portal Projectile        Hex/Tloc       100%       N/A       1%          3
 Summon Guardian Golem    Hex/Summ       73%        N/A       1%          3
 Tukima's Dance           Hex            73%        N/A       1%          3
 Vampiric Draining        Necr           73%        2d11      1%          3
 Anguish                  Hex/Necr       36%        N/A       1%          4
 Animate Armour           Summ/Erth      100%       N/A       1%          4
 Dispel Undead            Necr           73%        3d24      1%          4
 Fulminant Prism          Conj/Hex       36%        3d18      1%          4
 Ice Form                 Ice/Tmut       73%        N/A       1%          4
 Iskenderun's Mystic Bla  Conj/Tloc      73%        2d15      1%          4
 Leda's Liquefaction      Hex/Erth       36%        N/A       1%          4
 Passage of Golubria      Tloc           73%        N/A       1%          4
 Summon Ice Beast         Ice/Summ       73%        N/A       1%          4
 Summon Lightning Spire   Summ/Air       73%        N/A       1%          4
 Agony                    Necr           73%        N/A       2%          5
 Blade Hands              Tmut           36%        N/A       2%          5
 Freezing Cloud           Conj/Ice/Air   36%        6-21      2%          5
 Lee's Rapid Deconstruct  Erth           36%        3d19*     2%          5
 Lightning Bolt           Conj/Air       36%        1d54      2%          5
 Summon Forest            Summ/Tloc      36%        N/A       2%          5
 Summon Mana Viper        Hex/Summ       73%        N/A       2%          5
 Yara's Violent Unravell  Hex/Tmut       36%        3d15      2%          5
 Eringya's Noxious Bog    Tmut/Pois      36%        N/A       9%          6
 Iron Shot                Conj/Erth      36%        9d7       9%          6
 Simulacrum               Ice/Necr       36%        N/A       9%          6
 Statue Form              Tmut/Erth      48%        N/A       9%          6
 Summon Cactus Giant      Summ           36%        N/A       9%          6
 Enfeeble                 Hex            36%        N/A       38%         7
 Orb of Destruction       Conj           36%        9d11      38%         7
 Spellforged Servitor     Conj/Summ      36%        N/A       38%         7
 Storm Form               Tmut/Air       36%        N/A       38%         7
 Summon Hydra             Summ           36%        N/A       38%         7
 Lehudib's Crystal Spear  Conj/Erth      36%        10d9      96%         8
 Maxwell's Capacitive Co  Air            36%        ∞         96%         8
 Necromutation            Tmut/Necr      36%        N/A       96%         8
 Chain Lightning          Conj/Air       36%        3d48      100%        9
 Polar Vortex             Ice            36%        N/A       100%        9


Dungeon Overview and Level Annotations

Branches:
Dungeon (15/15)            Temple (0/1) D:7            Lair (5/5) D:10
 Shoals (4/4) Lair:3       Spider (4/4) Lair:3        Slime (0/5) Lair:4
    Orc (2/2) D:12            Elf (0/3) Orc:2        Vaults (4/5) D:14
  Crypt (0/3) Vaults:2     Depths (4/4) D:15          IceCv (visited)
    Zot: Depths:4

Altars:
Dithmenos
Fedhas
Hepliaklqana
Qazlal
Trog
Uskayaw
Xom
Yredelemnul
The Shining One
Jiyva

Shops:
D:1 (   D:5 :   D:7 *=*?=   D:9 [   D:10 ?   Orc:1 (   Orc:2 !*!([   Shoals:3 =
Depths:1 (   Depths:2 [   Depths:4 !([

Portals:
Hell: Depths:1 Depths:2 Depths:3
Abyss: Depths:3
Pandemonium: Depths:2
Ziggurat: Depths:1

Annotations:
D:13 exclusion: orange crystal statue
Vaults:3 exclusion: obsidian statue


Innate Abilities, Weirdness & Mutations

You have very sharp teeth.
Your uncanny sense of smell can sniff out nearby items.
Your experience applies equally to all skills.
You have large cloven feet.
Your natural rate of healing is unusually fast.
Your spells are a little harder to cast, but a little more powerful.


Message History

The bolt of lightning misses you.
Your spriggan berserker completely misses the deep troll earth mage.
Your spriggan berserker hits the storm dragon with a +0 hand axe!!
Your spriggan berserker hits the white very ugly thing with a +0 hand axe!
Your spriggan berserker completely misses the deep troll.
Your golden dragon bites the deep troll earth mage.
Your golden dragon claws the deep troll earth mage.
Your golden dragon tramples the deep troll earth mage.
The deep troll earth mage stumbles backwards!
Your deep troll bites the deep troll!
Your deep troll claws the deep troll! x2
The deep troll dies!
The white very ugly thing trunk-slaps your spriggan berserker!!
Your spriggan berserker dies!
Your spriggan berserker's corpse dissolves into shadows!
The deep troll earth mage bites your golden dragon!
The deep troll earth mage claws your golden dragon!
The deep troll earth mage claws your golden dragon.
Your golden dragon bites the deep troll earth mage!
Your golden dragon barely misses the deep troll earth mage.
Your golden dragon tramples the deep troll earth mage!
The deep troll earth mage holds its ground!
You hear a shout!
Your golden dragon dissolves into shadows!
Your deep troll bites the white very ugly thing!
Your deep troll claws the white very ugly thing. x2
A juggernaut comes into view.
Your deep troll misses the deep troll earth mage.
Your deep troll claws the deep troll earth mage.
The deep troll earth mage dies!
The storm dragon breathes lightning at you.
The bolt of lightning hits you!!
You hear a deafening roar!
As you read the scroll of teleportation, it crumbles to dust.
You feel strangely unstable. The juggernaut hits you!!!
* * * LOW HITPOINT WARNING * * *
You block the juggernaut's attack.
You hear a shout!
You hear a horrible gurgling sound!
The storm dragon breathes lightning at you.
The bolt of lightning hits you!!
You die...

##.u.##.......
#.....'.......
..########...##........
..'.....u....###.......
..#####D##....##.......
#####.####..##.......
#...C.# ..# #.##.## #'#
#@# .. #...# ... ###.#
.# # ∆


You could see a juggernaut, a storm dragon (catching breath) and a white very
ugly thing.

Vanquished Creatures
  2 juggernauts
  Bai Suzhen (Vaults:3)
  A bone dragon (Vaults:2)
  2 golden dragons (Depths:2)
  Rupert (D:14)
  Jorgrun (Spider:3)
  Asterion (Vaults:2)
  4 tentacled monstrosities
  A lich (Vaults:1)
  A walking crystal tome (Depths:1)
  Mlioglotl (Spider:2)
  Polyphemus (Shoals:4)
  5 krakens
  Frances (D:14)
  Gastronok (D:8)
  4 tentacled starspawn
  6 tengu reavers
  3 sphinxes
  3 storm dragons (Depths:3)
  Donald (Shoals:4)
  The ghost of hikkokomori the Fighter, an adept TeAE of Okawaru (Spider:2)
  5 fire giants
  The ghost of NinjaNoafa the Fighter, a journeyman MiFi of Okawaru (Spider:2)
  6 ghost moths
  6 emperor scorpions
  12 vault wardens
  Louise (Spider:3)
  7 frost giants
  An iron dragon (Depths:3)
  A cacodemon (Abyss:3)
  A caustic shrike zombie (Depths:2)
  An orc warlord (Vaults:1)
  A quicksilver ooze (Lair:4)
  17 ironbound preservers
  11 stone giants
  8 ironbound thunderhulks
  A broodmother (Spider:2)
  A spriggan defender (Depths:4)
  4 war gargoyles
  11 very ugly things
  2 vampire knights (Depths:2)
  A caustic shrike skeleton (Depths:3)
  23 dire elephants
  Snorg (Lair:4)
  A deep elf death mage (Vaults:4)
  11 spark wasps
  Josephine (D:10)
  8 merfolk javelineers
  7 ettins
  14 fire dragons
  10 yaktaur captains
  2 jiangshi (Depths:1)
  3 deep elf high priests (Vaults:1)
  6 great orbs of eyes
  5 entropy weavers
  11 merfolk impalers
  7 ice dragons
  3 vault guards
  5 hydras
  2 radroaches (Spider:3)
  2 spriggan air magi (Depths:4)
  11 ironbound frosthearts
  6 rakshasas
  A jorogumo (Spider:4)
  3 merfolk avatars
  An anaconda (Lair:5)
  12 boulder beetles
  19 centaur warriors
  A peacekeeper (Vaults:4)
  A catoblepas (Shoals:4)
  6 satyrs
  3 alligator snapping turtles (Shoals:3)
  2 death yaks (Shoals:4)
  2 alligators (Lair:5)
  7 two-headed ogres
  8 merfolk aquamancers
  4 hell hogs (Abyss:3)
  2 deep troll earth magi (Depths:2)
  A vampire mage (Depths:1)
  Urug (Lair:4)
  9 tengu warriors
  A titan zombie (Depths:2)
  5 deep troll shamans
  A dancing weapon (D:14)
  An orc high priest (Orc:2)
  A death knight (D:15)
  A spriggan berserker (Depths:2)
  7 thrashing horrors
  A sun demon (Depths:2)
  A deep elf knight (Spider:1)
  Nergalle (Lair:1)
  A fire crab (Lair:5)
  5 iron trolls
  A sixfirhy (Depths:2)
  7 skeletal warriors
  A hell knight (Depths:2)
  Lodul (D:10)
  2 pharaoh ants (Spider:2)
  2 sun moths
  A spark wasp zombie (Depths:2)
  2 cherubim (D:14)
  A shadow wraith (Vaults:1)
  11 sea snakes
  2 steelbarb worms (Spider:4)
  9 orb spiders
  35 deep trolls
  A kraken simulacrum (Shoals:4)
  3 bog bodies (Shoals:4)
  5 glowing orange brains
  A deep elf archer (Spider:1)
  A tengu zombie (Vaults:3)
  17 lindwurms
  8 necromancers
  3 wizards
  16 ironbound convokers
  3 phantasmal warriors
  5 deep elf pyromancers
  A lindwurm (shapeshifter) (Vaults:4)
  12 cyclopes
  27 harpies
  A shadow dragon skeleton (Depths:3)
  A mana viper (shapeshifter) (D:10)
  23 ugly things
  A frost giant zombie (Vaults:3)
  An orc knight (D:14)
  4 orc sorcerers (Orc:2)
  2 sphinx skeletons (Depths:3)
  19 fauns
  A salamander (shapeshifter) (D:13)
  A human zombie (Vaults:3)
  2 moths of wrath
  20 wolf spiders
  A worldbinder (Abyss:2)
  16 manticores
  A faun (shapeshifter) (Vaults:1)
  7 merfolk sirens
  5 black mambas
  An ice statue (IceCv)
  3 water nymphs
  20 vault sentinels
  Joseph (D:9)
  4 smoke demons
  2 orange demons (Abyss:3)
  3 molten gargoyles (Lair:5)
  9 cane toads
  7 torpor snails
  4 gargoyles
  5 large abominations (Abyss:2)
  Maggie (Lair:1)
  3 kobold demonologists
  4 rime drakes
  5 demonic crawlers
  33 yaktaurs
  10 freezing wraiths
  20 komodo dragons
  Psyche (D:11)
  3 tormentors
  10 ice devils (IceCv)
  A golden dragon simulacrum (Depths:3)
  8 tengu conjurers
  3 efreet
  3 meliai (D:13)
  8 wind drakes
  7 hornets
  61 merfolk
  7 trolls
  3 dream sheep (Shoals:3)
  A tyrant leech (shapeshifter) (Depths:4)
  22 tarantellas
  14 blink frogs
  A fire giant simulacrum (Vaults:3)
  A raiju (Spider:1)
  23 slime creatures
  5 snapping turtles
  23 culicivoras
  16 jumping spiders
  An elf skeleton (Vaults:3)
  An elf simulacrum (Vaults:3)
  19 water elementals
  3 dire elephant simulacra (IceCv)
  6 shadows
  8 wyverns
  A spriggan (Depths:4)
  2 vampires
  A ynoxinul (Abyss:2)
  64 yaks
  A fire bat (shapeshifter) (Depths:2)
  7 wraiths
  Grum (D:9)
  8 basilisks
  16 humans (D:14)
  3 steam dragons
  A neqoxec (Abyss:2)
  A redback (shapeshifter) (Vaults:4)
  12 vampire mosquitoes
  A chaos spawn (Depths:2)
  77 redbacks
  3 death yak simulacra
  A swamp worm (shapeshifter) (Vaults:3)
  6 acid dragons
  4 hell hounds (Lair:5)
  A human skeleton (Depths:2)
  5 hydra simulacra (IceCv)
  2 ice beasts
  11 water moccasins
  30 orc warriors
  An ogre skeleton (Vaults:3)
  A deep troll simulacrum (Vaults:3)
  5 black bears
  A boggart (Vaults:4)
  12 ogres
  27 wolves
  A phantom (D:6)
  4 centaurs
  3 kobold brigands (D:9)
  15 bullfrogs
  An earth elemental (Abyss:2)
  4 small abominations (Abyss:2)
  4 scorpions
  6 cane toad simulacra (IceCv)
  2 necrophages
  2 two-headed ogre simulacra (IceCv)
  24 wights
  13 killer bees
  3 elephant simulacra
  15 howler monkeys
  6 electric eels
  7 lava snakes
  3 starcursed masses (Abyss:2)
  16 orc priests
  7 hounds
  4 gnoll boudas
  6 jellies
  4 iguanas
  34 orc wizards
  A troll simulacrum (D:13)
  2 spriggan simulacra
  6 polar bear simulacra (IceCv)
  5 wolf simulacra (IceCv)
  16 gnolls
  6 adders
  6 naga simulacra
  A shadow imp (D:8)
  A white imp (Abyss:2)
  2 ufetubi (Abyss:2)
  3 worms (D:2)
  5 dart slugs
  64 orcs
  4 bats
  8 endoplasms
  3 giant cockroaches
  7 goblins
  6 hobgoblins
  4 jackals (D:3)
  A quokka (D:2)
  10 ball pythons
  3 frilled lizards (D:1)
  3 kobolds
  3 rats
  5 starspawn tentacles
  13 tentacles
1745 creatures vanquished.

Vanquished Creatures (collateral kills)
  A broodmother (Spider:4)
  An ironbound frostheart (Vaults:1)
  A deep troll shaman (Depths:4)
  2 deep troll earth magi (Depths:4)
  A sun moth (Spider:4)
  5 deep trolls (Depths:4)
  3 orb spiders (Spider:4)
  A lindwurm (Vaults:1)
  A wolf spider (Spider:4)
  A jumping spider (Spider:4)
  2 redbacks (Spider:4)
  A starspawn tentacle (Abyss:3)
20 creatures vanquished.

Vanquished Creatures (others)
  A fire giant (Depths:2)
  A frost giant (Depths:2)
  Aizul (Vaults:2)
  A stone giant (Depths:2)
  A fire dragon (Depths:2)
  An ice dragon (Depths:2)
  A centaur warrior (Vaults:3)
  Maurice (D:10)
  A tarantella (Spider:4)
  A white imp (Abyss:2)
  30 fungi
  171 plants
  8 starspawn tentacles
  24 tentacles (Shoals:3)
243 creatures vanquished.

Grand Total: 2008 creatures vanquished

Notes
Turn   | Place    | Note
-------+----------+-------------------------------------------
     0 | D:1      | Reached skill level 10 in Evocations
     0 | D:1      | Lobster4 the Gnoll Wanderer began the quest for the Orb.
     0 | D:1      | Lobster4 set off with the following items: a +0 club, a
                  | potion of lignification, 2 potions of curing, a +0 leather
                  | armour, a wand of acid (4).
     0 | D:1      | Reached XP level 1. HP: 23/23 MP: 1/1
   142 | D:1      | Found Adghin's Antique Weapon Boutique.
   394 | D:1      | Reached XP level 2. HP: 28/29 MP: 2/2
  1397 | D:2      | Reached XP level 3. HP: 34/35 MP: 3/3
  1640 | D:2      | Reached skill level 1 in Invocations
  1694 | D:2      | Found a faded altar of an unknown god.
  1811 | D:2      | Noticed a scorpion
  1822 | D:2      | Killed a scorpion
  1823 | D:2      | Reached skill level 1 in Short Blades
  1823 | D:2      | Reached skill level 1 in Long Blades
  1823 | D:2      | Reached skill level 1 in Axes
  1823 | D:2      | Reached skill level 1 in Maces & Flails
  1823 | D:2      | Reached skill level 1 in Polearms
  1823 | D:2      | Reached skill level 1 in Staves
  1823 | D:2      | Reached skill level 1 in Ranged Weapons
  1823 | D:2      | Reached skill level 1 in Armour
  1823 | D:2      | Reached skill level 1 in Dodging
  1823 | D:2      | Reached skill level 1 in Stealth
  1823 | D:2      | Reached skill level 1 in Shields
  1823 | D:2      | Reached skill level 1 in Spellcasting
  1823 | D:2      | Reached skill level 1 in Conjurations
  1823 | D:2      | Reached skill level 1 in Hexes
  1823 | D:2      | Reached skill level 1 in Summonings
  1823 | D:2      | Reached skill level 1 in Necromancy
  1823 | D:2      | Reached skill level 1 in Translocations
  1823 | D:2      | Reached skill level 1 in Transmutations
  1823 | D:2      | Reached skill level 1 in Fire Magic
  1823 | D:2      | Reached skill level 1 in Ice Magic
  1823 | D:2      | Reached skill level 1 in Air Magic
  1823 | D:2      | Reached skill level 1 in Earth Magic
  1823 | D:2      | Reached skill level 1 in Poison Magic
  1823 | D:2      | Reached XP level 4. HP: 41/41 MP: 5/5
  1869 | D:2      | Found a glowing golden altar of the Shining One.
  1983 | D:2      | Reached XP level 5. HP: 40/47 MP: 7/7
  2276 | D:3      | Got the Grimoire of Hoarfrost
  2463 | D:3      | Found a glowing golden altar of the Shining One.
  2852 | D:2      | Became a worshipper of the Shining One
  3330 | D:4      | Reached XP level 6. HP: 49/53 MP: 8/8
  3337 | D:4      | Noticed a black bear
  3358 | D:3      | Killed a black bear
  3536 | D:3      | Reached XP level 7. HP: 54/60 MP: 8/10
  3723 | D:4      | Reached * piety under the Shining One
  3941 | D:4      | Found a broken altar of Ashenzari.
  3943 | D:4      | Found a shimmering altar of Xom.
  3943 | D:4      | Found a bloodstained altar of Trog.
  3958 | D:4      | Found a shimmering altar of Xom.
  3958 | D:4      | Found a hazy altar of Hepliaklqana.
  3958 | D:4      | Found a shimmering altar of Xom.
  4178 | D:4      | Found a basalt altar of Yredelemnul.
  4454 | D:5      | Entered Level 5 of the Dungeon
  4602 | D:5      | Found a shadowy altar of Dithmenos.
  4655 | D:5      | Identified the amulet "Hugyloem" {Spirit rF- rC+ Will+}
  4698 | D:5      | Reached XP level 8. HP: 23/67 MP: 5/12
  5006 | D:5      | Found a hide-covered altar of Uskayaw.
  5300 | D:5      | Found Buxarcheq's Book Shop.
  5428 | D:6      | Reached skill level 11 in Evocations
  6235 | D:6      | Reached XP level 9. HP: 73/73 MP: 14/14
  6472 | D:7      | Reached skill level 12 in Evocations
  6472 | D:7      | Reached XP level 10. HP: 83/83 MP: 14/19
  6508 | D:7      | Found Ubaijuo's Assorted Antiques.
  6530 | D:7      | Reached skill level 5 in Conjurations
  6530 | D:7      | Reached skill level 5 in Hexes
  6530 | D:7      | Reached skill level 5 in Summonings
  6530 | D:7      | Reached skill level 5 in Necromancy
  6530 | D:7      | Reached skill level 5 in Translocations
  6530 | D:7      | Reached skill level 5 in Transmutations
  6530 | D:7      | Reached skill level 5 in Fire Magic
  6530 | D:7      | Reached skill level 5 in Ice Magic
  6530 | D:7      | Reached skill level 5 in Air Magic
  6530 | D:7      | Reached skill level 5 in Earth Magic
  6530 | D:7      | Reached skill level 5 in Poison Magic
  6602 | D:7      | Found Ynizeoli's Jewellery Emporium.
  6711 | D:7      | Found Cusompe's Magic Scroll Shoppe.
  6772 | D:7      | Reached ** piety under the Shining One
  6888 | D:7      | Found a staircase to the Ecumenical Temple.
  6987 | D:7      | Found Keagov's Jewellery Shop.
  7199 | D:7      | Found Beakilil's Assorted Antiques.
  7300 | D:8      | Noticed Gastronok
  7323 | D:8      | Killed Gastronok
  7425 | D:8      | Noticed a tengu warrior
  7834 | D:8      | Noticed a two-headed ogre
  7835 | D:8      | Noticed a centaur warrior
  7857 | D:8      | Killed a centaur warrior
  7860 | D:8      | Killed a two-headed ogre
  7868 | D:8      | Reached XP level 11. HP: 84/89 MP: 12/20
  8256 | D:8      | Noticed a cyan ugly thing
  8256 | D:8      | Noticed a centaur warrior
  8256 | D:8      | Reached *** piety under the Shining One
  8256 | D:8      | Noticed a cyclops
  8556 | D:7      | Bought a twitching ivory ring for 140 gold pieces
  8556 | D:7      | Identified the ring of Maxilyp {Drain Int-4 Dex+5 SInv
                  | Stlth+} (You bought it in a shop on level 7 of the Dungeon)
  8559 | D:7      | Bought a pair of embroidered gloves for 210 gold pieces
  8690 | D:8      | Killed a tengu warrior
  8895 | D:8      | Killed a cyclops
  9097 | D:8      | Killed a cyan ugly thing
  9384 | D:8      | Killed a centaur warrior
  9701 | D:9      | Got Sif Muna's Grimoire of the Traveller and Combat Magic
  9920 | D:9      | Noticed Joseph
 10553 | D:9      | Reached skill level 10 in Fighting
 10678 | D:9      | Reached XP level 12. HP: 65/97 MP: 19/23
 11017 | D:9      | Killed Joseph
 11017 | D:9      | Noticed a two-headed ogre
 11020 | D:9      | Killed a two-headed ogre
 11047 | D:9      | Reached **** piety under the Shining One
 11404 | D:9      | Found Wexux's Armour Emporium.
 12080 | D:10     | Entered Level 10 of the Dungeon
 12080 | D:10     | Noticed Grum
 12080 | D:10     | Noticed Lodul
 12284 | D:10     | Noticed Josephine
 12606 | D:10     | Found a staircase to the Lair.
 12616 | Lair:1   | Entered Level 1 of the Lair of Beasts
 12628 | Lair:1   | Learned a level 1 spell: Freeze
 12640 | Lair:1   | Noticed Maggie
 12668 | Lair:1   | Killed Maggie
 13127 | Lair:1   | Reached skill level 13 in Evocations
 13169 | Lair:1   | Noticed Nergalle
 13186 | Lair:1   | Killed Nergalle
 14429 | Lair:2   | Identified 2 scrolls of acquirement
 14429 | Lair:2   | Acquired 666 gold pieces
 14512 | Lair:2   | Reached XP level 13. HP: 88/104 MP: 20/25
 14799 | D:9      | Killed Grum
 14805 | D:9      | Acquired 1133 gold pieces
 14843 | D:9      | Bought the +2 pair of gloves of Gravitas {rCorr Int+4
                  | Slay+2} for 526 gold pieces
 14921 | D:7      | Bought a buzzing plate armour for 784 gold pieces
 14921 | D:7      | Identified the +8 plate armour of the Shimmering Gods {rN++
                  | Slay-6} (You bought it in a shop on level 7 of the Dungeon)
 14957 | D:7      | Bought a slimy war axe for 221 gold pieces
 14957 | D:7      | Identified the +2 war axe "Itak" {holy, *Noise rF+ Int+6}
                  | (You bought it in a shop on level 7 of the Dungeon)
 14967 | D:7      | Bought a shiny helmet for 195 gold pieces
 14980 | D:7      | Bought a scroll of identify for 52 gold pieces
 14980 | D:7      | Bought a scroll of identify for 52 gold pieces
 14982 | D:7      | Bought a scroll labelled VUEWUT HOGARA for 26 gold pieces
 15060 | D:9      | Bought a +2 pair of boots of rampaging for 258 gold pieces
 15116 | D:10     | Noticed Maurice
 15134 | D:10     | Killed Maurice
 15285 | D:10     | Found Yduigh's Magic Scroll Shop.
 15294 | D:10     | Bought a scroll of identify for 32 gold pieces
 15294 | D:10     | Bought a scroll of identify for 32 gold pieces
 15602 | D:10     | Found a blossoming altar of Fedhas.
 15636 | D:10     | Reached ***** piety under the Shining One
 15956 | D:10     | Killed Lodul
 16159 | D:10     | Killed Josephine
 16163 | D:10     | Identified the +1 pair of boots of Amelioration {Drain rC+
                  | SInv}
 16411 | D:10     | Bought a scroll of acquirement for 832 gold pieces
 16411 | D:10     | Acquired 1250 gold pieces
 17258 | Lair:3   | Reached skill level 10 in Invocations
 17290 | Lair:3   | Found a staircase to the Shoals.
 17673 | Lair:3   | Found a hole to the Spider Nest.
 17935 | Lair:4   | Found a viscous altar of Jiyva.
 17935 | Lair:4   | Found a staircase to the Slime Pits.
 17982 | Lair:4   | Reached XP level 14. HP: 113/113 MP: 27/27
 18042 | Lair:4   | Noticed Urug
 18046 | Lair:4   | Killed Urug
 18170 | Lair:4   | Noticed a quicksilver ooze
 18181 | Lair:4   | Killed a quicksilver ooze
 18669 | Lair:4   | Noticed Snorg
 18686 | Lair:4   | Killed Snorg
 18977 | Lair:4   | Reached skill level 10 in Throwing
 18977 | Lair:4   | Reached skill level 10 in Unarmed Combat
 19441 | Lair:5   | Entered Level 5 of the Lair of Beasts
 19683 | Lair:5   | Reached skill level 14 in Evocations
 20846 | Lair:5   | Reached skill level 10 in Short Blades
 20846 | Lair:5   | Reached skill level 10 in Long Blades
 20846 | Lair:5   | Reached skill level 10 in Axes
 20846 | Lair:5   | Reached skill level 10 in Maces & Flails
 20846 | Lair:5   | Reached skill level 10 in Polearms
 20846 | Lair:5   | Reached skill level 10 in Staves
 20846 | Lair:5   | Reached skill level 10 in Ranged Weapons
 20846 | Lair:5   | Reached skill level 10 in Armour
 20846 | Lair:5   | Reached skill level 10 in Dodging
 20846 | Lair:5   | Reached skill level 10 in Stealth
 20846 | Lair:5   | Reached skill level 10 in Shields
 20846 | Lair:5   | Reached skill level 10 in Spellcasting
 21835 | Lair:5   | Found a large runed translucent door.
 21841 | Lair:5   | Found a large runed translucent door.
 22002 | Lair:5   | Reached XP level 15. HP: 105/120 MP: 25/29
 23023 | D:11     | Noticed Psyche
 23037 | D:11     | Killed Psyche
 23398 | D:11     | You fall into a shaft and drop 1 floor!
 23441 | D:12     | Reached ****** piety under the Shining One
 24031 | D:12     | Found a staircase to the Orcish Mines.
 24083 | Orc:1    | Entered Level 1 of the Orcish Mines
 24171 | Orc:1    | Found Fenun's Weapon Shop.
 24535 | Orc:2    | Entered Level 2 of the Orcish Mines
 24818 | Orc:2    | Found Ybash's Antique Armour Boutique.
 24826 | Orc:2    | Bought a shimmering scale mail for 189 gold pieces
 24826 | Orc:2    | Identified the +4 scale mail of Grace {Fly rF+ SInv} (You
                  | bought it in a shop on level 2 of the Orcish Mines)
 25184 | Orc:2    | Found Pohi's Distillery.
 25184 | Orc:2    | Found Vifo's General Store.
 25188 | Orc:2    | Found Usom's Weapon Boutique.
 25193 | Orc:2    | Found Xodesch's Distillery.
 25238 | Orc:2    | Found a staircase to the Elven Halls.
 25486 | Orc:2    | Bought a +2 cloak of poison resistance for 222 gold pieces
 25499 | Orc:2    | Bought the +5 falchion of Pamenin {vorpal, rElec} for 522
                  | gold pieces
 25508 | Orc:2    | Bought a scroll of blinking for 90 gold pieces
 26483 | D:13     | Found a frozen archway.
 26504 | D:13     | Learned a level 1 spell: Sandblast
 26508 | D:13     | Learned a level 3 spell: Stone Arrow
 26511 | D:13     | Learned a level 2 spell: Searing Ray
 26514 | IceCv    | Entered an ice cave
 27074 | IceCv    | Found an ancient bone altar of Kikubaaqudgha.
 27548 | IceCv    | Got the Anthology of Hypothermia and Dark Mysteries
 28282 | D:13     | Reached XP level 16. HP: 96/129 MP: 23/31
 29137 | D:14     | Noticed Rupert
 29157 | D:14     | Killed Rupert
 29165 | D:14     | Noticed Frances
 29179 | D:14     | Killed Frances
 29416 | D:14     | Reached skill level 15 in Evocations
 29602 | D:14     | Found a gate to the Vaults.
 31193 | Spider:1 | Entered Level 1 of the Spider Nest
 32647 | Spider:1 | Learned a level 3 spell: Vhi's Electric Charge
 32650 | Spider:1 | Learned a level 2 spell: Passwall
 32654 | Spider:1 | Learned a level 3 spell: Frozen Ramparts
 33118 | Spider:2 | Identified the +12 falchion of the Hills {freeze, *Rage
                  | Str+6}
 33275 | Spider:2 | Noticed Mlioglotl
 33289 | Spider:2 | Killed Mlioglotl
 33337 | Spider:2 | Found a runed translucent gate.
 33338 | Spider:2 | Found a runed translucent gate.
 33338 | Spider:2 | Found a runed translucent gate.
 33338 | Spider:2 | Noticed NinjaNoafa's ghost (journeyman MiFi)
 33338 | Spider:2 | Noticed hikkokomori's ghost (adept TeAE)
 34502 | Spider:2 | Identified the +6 dagger of Fohuikyfi {protect, rC+}
 34791 | Spider:2 | Reached XP level 17. HP: 123/137 MP: 29/32
 35201 | Spider:2 | Reached skill level 10 in Conjurations
 35201 | Spider:2 | Reached skill level 10 in Hexes
 35201 | Spider:2 | Reached skill level 10 in Summonings
 35201 | Spider:2 | Reached skill level 10 in Necromancy
 35201 | Spider:2 | Reached skill level 10 in Translocations
 35201 | Spider:2 | Reached skill level 10 in Transmutations
 35201 | Spider:2 | Reached skill level 10 in Fire Magic
 35201 | Spider:2 | Reached skill level 10 in Ice Magic
 35201 | Spider:2 | Reached skill level 10 in Air Magic
 35201 | Spider:2 | Reached skill level 10 in Earth Magic
 35201 | Spider:2 | Reached skill level 10 in Poison Magic
 35297 | Spider:2 | Killed hikkokomori's ghost
 35352 | Spider:2 | Killed NinjaNoafa's ghost
 35364 | Spider:2 | Identified the +1 pair of boots of Mokhy {rN+ Dex+4}
 35690 | Spider:3 | Noticed Jorgrun
 35791 | Spider:3 | Killed Jorgrun
 36064 | Spider:3 | Noticed Louise
 37237 | Spider:3 | Killed Louise
 38302 | Spider:4 | Entered Level 4 of the Spider Nest
 39866 | Spider:4 | HP: 5/138 [poisoned by a redback]
 40583 | Spider:4 | Reached XP level 18. HP: 145/146 MP: 32/34
 41249 | Spider:4 | Reached skill level 16 in Evocations
 41433 | Spider:4 | Got a gossamer rune of Zot
 41838 | Shoals:1 | Entered Level 1 of the Shoals
 41951 | Lair:3   | Upgraded the game from 0.30-a0-263-ge22c4ad894 to
                  | 0.30-a0-269-gf0224bf7b6
 45001 | Shoals:3 | Found Damom's Jewellery Shoppe.
 46274 | Shoals:3 | Reached XP level 19. HP: 118/153 MP: 36/36
 46452 | Shoals:4 | Entered Level 4 of the Shoals
 46888 | Shoals:4 | Identified the +2 dagger "Ozishrapu" {vorpal, rF+ Dex+2
                  | SInv}
 47073 | Shoals:4 | Noticed Donald
 47091 | Shoals:4 | Killed Donald
 47580 | Shoals:4 | Learned a level 5 spell: Arcjolt
 48098 | Shoals:4 | Got a barnacled rune of Zot
 48112 | Shoals:4 | Noticed Polyphemus
 48783 | Shoals:4 | Reached skill level 15 in Fighting
 48929 | Shoals:4 | Killed Polyphemus
 49468 | D:15     | Entered Level 15 of the Dungeon
 50230 | D:15     | Found a staircase to the Depths.
 50545 | Vaults:1 | Entered Level 1 of the Vaults
 50776 | Vaults:1 | Reached skill level 15 in Invocations
 51379 | Vaults:1 | Reached skill level 17 in Evocations
 51536 | Vaults:1 | Reached XP level 20. HP: 113/162 MP: 26/37
 51605 | Abyss:2  | Cast into level 2 of the Abyss (a wizard)
 51804 | Abyss:2  | Found a snail-covered altar of Cheibriados.
 51807 | Abyss:2  | Found a snail-covered altar of Cheibriados.
 51807 | Abyss:2  | Found a snail-covered altar of Cheibriados.
 51931 | Abyss:2  | Gained mutation: You are dopey. (Int -2) [a neqoxec]
 52090 | Abyss:3  | Gained mutation: Armour fits poorly on your strangely
                  | shaped body. [a cacodemon]
 52114 | Abyss:3  | HP: 5/163 [constriction (8)]
 52145 | Vaults:1 | Escaped the Abyss
 52385 | Lair:3   | Lost mutation: You are dopey. (Int -2) [potion of mutation]
 52385 | Lair:3   | Lost mutation: Armour fits poorly on your strangely shaped
                  | body. [potion of mutation]
 52385 | Lair:3   | Gained mutation: Your spells are a little harder to cast,
                  | but a little more powerful. [potion of mutation]
 52385 | Lair:3   | Gained mutation: Your natural rate of healing is unusually
                  | fast. [potion of mutation]
 52385 | Lair:3   | Gained mutation: You have large cloven feet. [potion of
                  | mutation]
 52691 | Orc:2    | Bought a potion of heal wounds for 85 gold pieces
 54310 | Vaults:2 | Reached XP level 21. HP: 117/170 MP: 14/39
 55040 | Vaults:2 | Noticed Aizul
 55059 | Vaults:2 | Killed Aizul
 55077 | Vaults:2 | Reached skill level 15 in Throwing
 55077 | Vaults:2 | Reached skill level 15 in Unarmed Combat
 55787 | Vaults:2 | Noticed Asterion
 55792 | Vaults:2 | Killed Asterion
 55985 | Vaults:2 | Noticed a bone dragon
 56004 | Vaults:2 | Killed a bone dragon
 56129 | Vaults:2 | Found a staircase to the Crypt.
 56550 | Vaults:3 | Reached skill level 15 in Short Blades
 56550 | Vaults:3 | Reached skill level 15 in Long Blades
 56550 | Vaults:3 | Reached skill level 15 in Axes
 56550 | Vaults:3 | Reached skill level 15 in Maces & Flails
 56550 | Vaults:3 | Reached skill level 15 in Polearms
 56550 | Vaults:3 | Reached skill level 15 in Staves
 56550 | Vaults:3 | Reached skill level 15 in Ranged Weapons
 56550 | Vaults:3 | Reached skill level 15 in Armour
 56550 | Vaults:3 | Reached skill level 15 in Dodging
 56550 | Vaults:3 | Reached skill level 15 in Stealth
 56550 | Vaults:3 | Reached skill level 15 in Shields
 56550 | Vaults:3 | Reached skill level 15 in Spellcasting
 56707 | Vaults:3 | Noticed Bai Suzhen
 56727 | Vaults:3 | Killed Bai Suzhen
 56842 | Vaults:3 | Found a flickering gateway to a bazaar.
 56849 | Bazaar   | Entered a bazaar
 56853 | Bazaar   | Found Xemunonenk's Antique Armour Shoppe.
 56861 | Bazaar   | Found Vuih's Distillery.
 56872 | Bazaar   | Found Coad's Jewellery Boutique.
 56883 | Bazaar   | Found Cianow's Antique Weapon Emporium.
 56891 | Bazaar   | Found Muduor's General Store.
 56927 | Bazaar   | Bought a potion of heal wounds for 50 gold pieces
 56949 | Bazaar   | Bought an encrusted whip for 157 gold pieces
 56949 | Bazaar   | Identified the +4 whip "Yroqehif" {vorpal, rF+ Dex+2
                  | Stlth+} (You bought it in a shop in a bazaar)
 56971 | Bazaar   | Bought a potion of haste for 100 gold pieces
 56971 | Bazaar   | Bought a potion of might for 40 gold pieces
 56971 | Bazaar   | Bought a potion of ambrosia for 80 gold pieces
 56971 | Bazaar   | Bought a potion of berserk rage for 50 gold pieces
 57057 | Vaults:3 | Paralysed by a sphinx for 3 turns
 57175 | Vaults:3 | Reached skill level 18 in Evocations
 58610 | Vaults:4 | Reached XP level 22. HP: 101/179 MP: 37/41
 60524 | Depths:1 | Entered Level 1 of the Depths
 60686 | Depths:1 | Found a one-way gateway to a ziggurat.
 60726 | Depths:1 | Found Goghuugg's Antique Weapon Emporium.
 60739 | Depths:1 | Bought a pitted morningstar for 351 gold pieces
 60739 | Depths:1 | Identified the +4 morningstar of Zyojuiss {freeze, rC+
                  | Str+2 Int+3 Dex+4} (You bought it in a shop on level 1 of
                  | the Depths)
 60968 | Depths:1 | Found a gateway to Hell.
 61795 | Depths:2 | Found Heh Ziob's Antique Armour Shoppe.
 61950 | Depths:2 | Bought a twisted chain mail for 171 gold pieces
 61950 | Depths:2 | Identified the +5 chain mail of Past Mistakes {rElec rC+
                  | Str+2 Dex+4} (You bought it in a shop on level 2 of the
                  | Depths)
 61957 | Depths:2 | Bought a warped chain mail for 171 gold pieces
 61957 | Depths:2 | Identified the +4 chain mail of Mutualism {rElec Int+3
                  | Dex-3 Slay+3} (You bought it in a shop on level 2 of the
                  | Depths)
 61975 | Depths:2 | Bought a slimy leather armour for 126 gold pieces
 61975 | Depths:2 | Identified the +1 leather armour "Qaoggeurch" {Rampage rC+
                  | rN++} (You bought it in a shop on level 2 of the Depths)
 62519 | Depths:2 | Found a one-way gate leading to the halls of Pandemonium.
 62690 | Depths:2 | Noticed a juggernaut
 62717 | Depths:2 | Killed a juggernaut
 62725 | Depths:2 | Noticed a golden dragon
 62748 | Depths:2 | Reached XP level 23. HP: 134/187 MP: 33/42
 62754 | Depths:2 | Killed a golden dragon
 63077 | Depths:2 | Found a stormy altar of Qazlal.
 63574 | Depths:3 | Noticed a golden dragon
 63671 | Depths:3 | Noticed a juggernaut
 63708 | Depths:3 | Killed a juggernaut
 63829 | Depths:2 | Killed a golden dragon
 64535 | Depths:3 | Identified the +0 scale mail of Haeppeuv {Harm rF+ Int+2
                  | Dex-4}
 64829 | Depths:3 | Found a one-way gate to the infinite horrors of the Abyss.
 65039 | Depths:4 | Entered Level 4 of the Depths
 65060 | Depths:4 | Found Viorihoh's Distillery.
 65062 | Depths:4 | Found Yteigh's Antique Weapon Shoppe.
 65065 | Depths:4 | Found Jisogyth's Antique Armour Emporium.
 65073 | Depths:4 | Bought a pitted plate armour for 532 gold pieces
 65073 | Depths:4 | Identified the +0 plate armour of Polish {rN+} (You bought
                  | it in a shop on level 4 of the Depths)
 65700 | Depths:4 | Reached skill level 19 in Evocations
 65712 | Depths:4 | Noticed a juggernaut
 65720 | Depths:4 | Killed from afar by a storm dragon

Illustrated notes

Levels and vault maps discovered:
D:1:      minmay_arrival_open_corners, layout_basic, serial_shops,
          nicolae_shop_hallway_plus, serial_curves, eino_curves_03,
          eino_curves_02
D:2:      layout_loops_corners, shapermc_ecumenical_altar_starsandcircs,
          basic_altar, grunt_ministairs_4
D:3:      layout_rooms, nicolae_tso_swordbearing_angel, minmay_hedge_maze,
          item_on_display_a
D:4:      layout_cave_pools, yredelemnul_altar_generic, doesnt_xom_only_xom
D:5:      layout_loops_ring, nicolae_uskayaw_murder_on_the_dancefloor,
          mainiacjoe_overflow_cross_hatched, serial_shops,
          nicolae_shop_behind_doors
D:6:      layout_loops_cross, chequers_serial_rivers_room_b
D:7:      layout_loops_ring, minmay_temple_entry_fiery, serial_shops, shop,
          nicolae_shop_advertising_works [nicolae_subvault_shop_adworks],
          shop_fountains, shop, kennysheep_mini_moat
D:8:      minmay_tri_box, layout_loops_ring,
          hangedman_abyss_or_decor_lesser_grid, minmay_chambers_of_fives,
          uniq_gastronok
D:9:      minmay_imperfect_grid, layout_layer_cave, serial_shops, shop_coins,
          minmay_sticks_and_stones
D:10:     hangedman_cross_cluster, layout_basic, lair_entry_dummy, serial_bayou,
          serial_bayou_pond_c, serial_bayou_pond_b, serial_bayou_lagoon_a,
          serial_bayou_pond_e, serial_shops, shop, uniq_maurice, uniq_grum,
          uniq_lodul, uniq_josephine
D:11:     layout_rooms, minmay_misc_feat_diagonals, minmay_three_doors,
          uniq_psyche
D:12:     layout_gridville, david_orc_2
D:13:     layout_stronghold, portal_ice_cave_entry_ice_simulacra,
          disabler_island
D:14:     layout_stronghold, david_vaults_3, serial_park_square1
          [serial_park_minivault_5x5_1], pf_eden, uniq_frances, uniq_rupert
D:15:     grunt_enter_depths_giant_problem, layout_irregular_city,
          minmay_statues_item
Lair:1:   layout_concentric_octagons, uniq_maggie, uniq_nergalle
Lair:2:   layout_cave_pods
Lair:3:   layout_hall_layers, minmay_shoals_entry_hut,
          nicolae_spider_entry_tight_spaces, nicolae_quartered_pool_impasse
Lair:4:   layout_big_grid, slime_entry_1, nicolae_lair_time_for_slime,
          uniq_snorg, uniq_urug
Lair:5:   cheibrodos_lair_end_hotspot, layout_regular_city, serial_rivers,
          chequers_serial_rivers_large_a, chequers_serial_rivers_room_a,
          chequers_serial_rivers_room_b, chequers_serial_rivers_marsh,
          chequers_serial_rivers_small_b, chequers_serial_rivers_micro_a,
          nicolae_lair_lakeside_cave
Shoals:1: layout_shoals, nicolae_shoals_flooded_hall
Shoals:2: layout_shoals
Shoals:3: layout_shoals, serial_shops, shop, nicolae_shoals_kraken_party
Shoals:4: shoals_end_grunt_ice, layout_shoals, nicolae_shoals_secluded_bog,
          uniq_polyphemus, uniq_donald
Spider:1: layout_spider_delve, beargit_elvish_explorers
Spider:2: layout_chambers, gammafunk_ghost_cemetery,
          hellmonk_watch_for_rolling_rocks, uniq_mlioglotl
Spider:3: layout_spider_delve, nicolae_spider_baby_got_redback, uniq_jorgrun,
          uniq_louise
Spider:4: spider_rune_water, nicolae_spider_bzzzt
Orc:1:    layout_diamond_mine, serial_shops, nicolae_shop_bloodbath_and_beyond
Orc:2:    st_orc_mages, layout_caves, serial_shops, nicolae_shop_waterfront
Vaults:1: dpeg_vaults_pockets_of_resistance, v_misc_27,
          nicolae_vaults_twisting_passages, vaults_dpeg_ring,
          ontoclasm_vaults_ligature, vaults_mumra_hex,
          nicolae_vaults_border_crossing, vaults_room_semicircle,
          vaults_room_pools, layout_vaults_omnigrid
Vaults:2: minmay_crypt_entry_nasty_monster, ontoclasm_vaults_ring_large,
          vaults_room_corners, nicolae_vaults_specimen_jars,
          vaults_mumra_bighexcomb, grunt_vaults_funnel,
          vaults_room_grunt_arrival_ludios, grunt_vaults_hallway_long,
          ontoclasm_vaults_pinch, layout_vaults_chaotic_city, uniq_aizul,
          uniq_asterion
Vaults:3: nicolae_vaults_network_quinsquares
          [nicolae_vaults_network_quincunx_subvault,
          nicolae_vaults_network_quincunx_subvault,
          nicolae_vaults_network_quincunx_subvault,
          nicolae_vaults_network_quincunx_subvault], v_misc_26,
          vaults_room_fancy_cross, v_misc_17,
          hangedman_vaults_stretched_pinwheel, hangedman_vaults_nodes,
          ontoclasm_vaults_misaligned, v_misc_8, nicolae_vaults_statue_guard,
          hangedman_vaults_slice, nicolae_vaults_diagonal_hallway_9,
          vaults_mumra_chevron, layout_vaults_omnicross, serial_shops,
          bzr_entry_lakeside, uniq_bai_suzhen
Vaults:4: vaults_room_pools, vaults_room_door_hall, v_misc_9, v_pattern_3,
          st_octagons_1, vaults_room_pools, vaults_mumra_chevron_long,
          nicolae_vaults_ring_of_whatevers, v_misc_3, vaults_dpeg_encased_lava,
          vaults_mumra_minichess, vaults_dpeg_doors, v_misc_3,
          nicolae_vaults_asterisk, nicolae_vaults_little_squares_2,
          vaults_room_pool, layout_vaults_maze_bifur
Depths:1: layout_basic, enter_ziggurat_f, serial_shops, shop, serial_sigils,
          serial_sigils_hangedman_writhe, serial_sigils_hangedman_shear,
          serial_sigils_hangedman_gnaw, serial_sigils_hangedman_etch, hell_entry
Depths:2: nzn_winding_woodlands_large [nzn_winding_woodlands_5x5_perimeter,
          nzn_winding_woodlands_5x15_split_checker,
          nzn_winding_woodlands_5x5_cross, nzn_winding_woodlands_center_garden,
          nzn_winding_woodlands_15x15_killbox,
          nzn_winding_woodlands_center_diamonds,
          nzn_winding_woodlands_5x5_three,
          nzn_winding_woodlands_5x15_concentric,
          nzn_winding_woodlands_5x5_checkerboard], layout_long_grid,
          pf_hell_entry_tar_spiral, serial_shops, shop, rand_demon_pan_entry_1,
          nicolae_qazlal_general_emergency, infiniplex_staircase_zigzag_4
Depths:3: hourglass_vault, layout_cave_pools, corexii_leaking_fountain,
          abyss_entry, grunt_hell_entry_dis_grunt,
          infiniplex_staircase_zigzag_1, serial_bayou_shore_a
Depths:4: grunt_zot_entry_alcove, layout_gridlike, lemuel_tele_altar,
          hell_entry, serial_bayou_shore_b, minmay_shop_star

Skill      XL: |  1  2  3  4  5  6  7  8  9 10 11 12 13 14 15 16 17 18 19 20 21 22 23 |
---------------+----------------------------------------------------------------------+-----
Evocations     | 11 12 13 14 15 16 17 18 19 | 19.0
Invocations    | 1 2 3 4 6 7 8 9 10 11 12 13 14 15 16 17 | 17.7
Short Blades   | 1 2 3 6 7 8 9 10 11 12 13 14 15 16 | 16.3
Long Blades    | 1 2 3 6 7 8 9 10 11 12 13 14 15 16 | 16.3
Axes           | 1 2 3 6 7 8 9 10 11 12 13 14 15 16 | 16.3
Maces & Flails | 1 2 3 6 7 8 9 10 11 12 13 14 15 16 | 16.3
Polearms       | 1 2 3 6 7 8 9 10 11 12 13 14 15 16 | 16.3
Staves         | 1 2 3 6 7 8 9 10 11 12 13 14 15 16 | 16.3
Ranged Weapons | 1 2 3 6 7 8 9 10 11 12 13 14 15 16 | 16.3
Armour         | 1 2 3 6 7 8 9 10 11 12 13 14 15 16 | 16.3
Dodging        | 1 2 3 6 7 8 9 10 11 12 13 14 15 16 | 16.3
Stealth        | 1 2 3 6 7 8 9 10 11 12 13 14 15 16 | 16.3
Shields        | 1 2 3 6 7 8 9 10 11 12 13 14 15 16 | 16.3
Spellcasting   | 1 2 3 6 7 8 9 10 11 12 13 14 15 16 | 16.3
Conjurations   | 1 2 3 4 5 6 7 8 9 10 11 12 13 | 13.9
Hexes          | 1 2 3 4 5 6 7 8 9 10 11 12 13 | 13.9
Summonings     | 1 2 3 4 5 6 7 8 9 10 11 12 13 | 13.9
Necromancy     | 1 2 3 4 5 6 7 8 9 10 11 12 13 | 13.9
Translocations | 1 2 3 4 5 6 7 8 9 10 11 12 13 | 13.9
Transmutations | 1 2 3 4 5 6 7 8 9 10 11 12 13 | 13.9
Fire Magic     | 1 2 3 4 5 6 7 8 9 10 11 12 13 | 13.9
Ice Magic      | 1 2 3 4 5 6 7 8 9 10 11 12 13 | 13.9
Air Magic      | 1 2 3 4 5 6 7 8 9 10 11 12 13 | 13.9
Earth Magic    | 1 2 3 4 5 6 7 8 9 10 11 12 13 | 13.9
Poison Magic   | 1 2 3 4 5 6 7 8 9 10 11 12 13 | 13.9
Throwing       | 3 4 6 7 8 9 10 11 12 13 14 15 16 | 16.5
Unarmed Combat | 3 4 6 7 8 9 10 11 12 13 14 15 16 | 16.5
Fighting       | 7 9 10 11 12 13 14 15 16 17 | 17.5

Action                   |  1- 3 |  4- 6 |  7- 9 | 10-12 | 13-15 | 16-18 | 19-21 | 22-24 || total
-------------------------+-------+-------+-------+-------+-------+-------+-------+-------++-------
Melee: Club              |    71 |       |       |       |       |       |       |       ||    71
       Bite              |    13 |    11 |    28 |   149 |   376 |   363 |   356 |   239 ||  1535
       Punch             |     2 |     1 |       |       |       |       |       |       ||     3
       Short sword       |    50 |       |       |       |       |       |       |       ||    50
       Hand axe          |    10 |    85 |       |       |       |       |       |       ||    95
       Flail             |       |    43 |   226 |   112 |    17 |       |       |       ||   398
       Long sword        |       |       |       |   716 |  1279 |       |       |       ||  1995
       Unarmed           |       |       |       |     9 |       |       |       |       ||     9
       War axe           |       |       |       |       |    74 |     6 |   188 |    38 ||   306
       Falchion          |       |       |       |       |   224 |  1759 |  1135 |   396 ||  3514
       Scimitar          |       |       |       |       |   161 |     6 |    34 |    50 ||   251
       Broad axe         |       |       |       |       |    32 |    58 |    85 |       ||   175
       Morningstar       |       |       |       |       |       |       |       |   474 ||   474
 Fire: Sling             |       |       |       |       |    20 |     5 |       |       ||    25
Throw: Throwing net      |     1 |       |       |     6 |       |       |     1 |       ||     8
       Boomerang         |       |     1 |    26 |    74 |   213 |   196 |   425 |       ||   935
       Dart              |       |       |       |     6 |    40 |   196 |    10 |    13 ||   265
       Javelin           |       |       |       |       |       |     7 |     6 |     3 ||    16
 Cast: Stone Arrow       |       |       |       |       |       |    68 |   115 |   104 ||   287
       Frozen Ramparts   |       |       |       |       |       |    20 |    76 |    57 ||   153
       Vhi's Electric Ch |       |       |       |       |       |    12 |    38 |    20 ||    70
       Arcjolt           |       |       |       |       |       |       |    30 |    32 ||    62
       Sandblast         |       |       |       |       |       |       |     2 |       ||     2
       Passwall          |       |       |       |       |       |       |     1 |       ||     1
Invok: Divine Shield     |       |       |       |     1 |       |       |       |     1 ||     2
       Cleansing Flame   |       |       |       |       |     3 |       |       |       ||     3
Evoke: Wand              |     1 |     1 |     1 |    11 |    20 |    12 |    15 |     6 ||    67
       Lightning rod     |       |       |       |       |     4 |     5 |     8 |     5 ||    22
       Phial of floods   |       |       |       |       |       |     2 |       |       ||     2
       Tin of tremorston |       |       |       |       |       |       |     3 |     2 ||     5
  Use: Scroll            |     2 |     3 |     4 |    11 |    21 |    11 |    11 |     4 ||    67
       Potion            |       |       |     1 |     7 |     5 |    14 |    15 |     2 ||    44
 Stab: Sleeping          |     2 |     1 |       |       |       |       |       |       ||     3
Armor: Leather armour    |    48 |     5 |       |       |    69 |       |       |       ||   122
       Plate armour      |       |   132 |   137 |       |       |       |       |       ||   269
       Chain mail        |       |       |    85 |   356 |       |       |       |    12 ||   453
       Skin              |       |       |       |    64 |       |       |       |       ||    64
       Swamp dragon scal |       |       |       |    68 |   444 |       |       |       ||   512
       Crystal plate arm |       |       |       |       |   105 |       |       |       ||   105
       Scale mail        |       |       |       |       |    95 |  1027 |   473 |   287 ||  1882
Dodge: Dodged            |    73 |    55 |    86 |   406 |  1066 |  1233 |   670 |   500 ||  4089
Block: Buckler           |       |    18 |    65 |   233 |    76 |       |       |       ||   392
       Kite shield       |       |       |       |       |   804 |  1468 |  1290 |   869 ||  4431
       Reflection        |       |       |       |       |       |    51 |    84 |    18 ||   153

Table legend: (Time is in decaauts)
 A = Elapsed time spent in this place.
 B = Non-inter-level travel time spent in this place.
 C = Inter-level travel time spent in this place.
 D = Time resting spent in this place.
 E = Time spent auto-exploring this place.
 F = Levels seen in this place.
 G = Mean time per level.
                   A        B        C        D        E       F      G
               +--------+--------+--------+--------+--------+-----+--------+
         Total |  65220 |  60278 |   4942 |  14409 |  27295 |  42 | 1552.9 |
       Dungeon |  21505 |  19430 |   2075 |   3810 |  10457 |  15 | 1433.7 |
          Lair |   9384 |   8136 |   1248 |   1398 |   4008 |   5 | 1876.8 |
        Shoals |   7236 |   6896 |    340 |   2210 |   2404 |   4 | 1809.0 |
   Spider Nest |  10190 |   9727 |    463 |   3826 |   2962 |   4 | 2547.5 |
  Orcish Mines |   1732 |   1545 |    187 |    218 |    784 |   2 |  866.0 |
        Vaults |   8427 |   8042 |    385 |   1532 |   4198 |   4 | 2106.8 |
        Depths |   5005 |   4764 |    241 |    878 |   2437 |   4 | 1251.2 |
         Abyss |    514 |    514 |      0 |    200 |      0 |   2 |  257.0 |
        Bazaar |    128 |    128 |      0 |      0 |     45 |   1 |  128.0 |
      Ice Cave |   1094 |   1094 |      0 |    335 |      0 |   1 | 1094.0 |
               +--------+--------+--------+--------+--------+-----+--------+

Top non-repeatable levels by time:
  Lair:5: 3369 daAuts
     D:9: 3195 daAuts
Spider:2: 3006 daAuts
Spider:4: 2929 daAuts
Vaults:1: 2570 daAuts
    D:14: 2348 daAuts
Spider:3: 2335 daAuts
Shoals:4: 2309 daAuts
Depths:2: 2289 daAuts
Vaults:2: 2254 daAuts
Shoals:3: 2039 daAuts
Vaults:4: 1984 daAuts
    D:10: 1953 daAuts
     D:8: 1951 daAuts
Spider:1: 1919 daAuts
